 Dungeon Sprint DCSS version 0.30.1-11-g7821555f0a (webtiles) character file.

Game seed: 10098663543758658101

319 Groucho the Unseen (level 6, -3/31 HPs)
             Began as a Felid Berserker on Dec 24, 2023.
             Was a Priest of Trog.
             Slain by a neqoxec (11 damage)
             ... in the Dungeon (Sprint II: "The Violet Keep of Menkaure").
             The game lasted 00:01:12 (374 turns).

Groucho the Unseen (Felid Berserker)                 Turns: 374, Time: 00:01:12

Health: -3/31      AC:  2    Str: 13    XL:     6   Next: 21%
Magic:  7/7        EV: 21    Int:  9    God:    Trog [***...]
Gold:   486        SH:  4    Dex: 15    Spells: 5/5 levels left
                                        Lives:  0   Deaths: 1

rFire   . .          .
                       - Unarmed
rCold   . . .        (shield unavailable)
rNeg    . . .        (body armour unavailable)
rPois   .            (helmet unavailable)
rElec   .            (cloak unavailable)
rCorr   .            (gloves unavailable)
SInv    +            (boots unavailable)
Will    .....        (no amulet)
Stlth   ++++++       (no ring)
HPRegen 0.25/turn    (no ring)
MPRegen 0.10/turn

%: no teleportation
@: on berserk cooldown, slowed, slow
A: very small, claws 1, fangs 3, see invisible, speed 1, shaggy fur 2, stealthy
paws, no weapons or thrown items, no armour, multi-lived, large bone plates 1,
clumsy 1, devolution 1
a: Renounce Religion, Berserk, Trog's Hand


You were in the Dungeon.
You worshipped Trog.
Trog was most pleased with you.
You visited 1 branch You collected 486 gold pieces.

Inventory:

Scrolls
 f - a scroll of blinking
Potions
 c - a potion of haste
 d - 2 potions of magic


   Skills:
 + Level 5.9 Fighting
 + Level 7.8 Dodging
 + Level 16.4 Stealth
 + Level 5.9 Unarmed Combat


You had 5 spell levels left.
You didn't know any spells.
Your spell library was empty.

Dungeon Overview and Level Annotations

Branches:
Dungeon (1/1)

Altars:


Innate Abilities, Weirdness & Mutations

You have sharp claws.
You have razor-sharp teeth.
You have supernaturally acute eyesight. (SInv)
You cover ground quickly. (Speed+)
You are covered in thick fur. (AC +2)
Your paws help you pounce on unaware monsters.
You are incapable of wielding weapons or throwing items.
You cannot wear armour.
You gain extra lives every three experience levels.
You are partially covered in large bone plates. (SH +4)
You are clumsy. (Dex -2)
You have hidden genetic defects.


Message History

The neqoxec is severely wounded.
You barely miss the neqoxec. Your bite misses the neqoxec.
The neqoxec is severely wounded.
The neqoxec gestures at you.
Something tries to feed on your intellect!
You claw the neqoxec!
You kill the neqoxec!
Trog accepts your kill.
Your Dodging skill increases to level 7!
Welcome back to level 6!
There is an open door here.
You feel a strong urge to attack something.
The neqoxec shouts!
The neqoxec gestures at you.
Something tries to feed on your intellect!
The neqoxec gestures at you.
Something tries to feed on your intellect!
You feel a genetic drift.
You feel clumsy.
Unknown command.
Unknown command.
Unknown command.
You feel your anger nearly subside.
You are no longer berserk.
You are exhausted.
You feel yourself slow down.
There is an open door here.
You closely miss the neqoxec. The neqoxec completely misses you.
The neqoxec hits you. The neqoxec misses you.
You closely miss the neqoxec. The neqoxec closely misses you.
The neqoxec misses you.
You barely miss the neqoxec. You bite the neqoxec, but do no damage.
The neqoxec misses you. The neqoxec hits you!
* * * LOW HITPOINT WARNING * * *
Unknown command.
You scratch the neqoxec but do no damage.
The neqoxec gestures at you.
Strange energies course through your body.
Large bone plates grow over parts of your legs.
The neqoxec hits you!
You die...

#+## ###..## ####
#.##..# ..#
#.#.####..##
#'###.##..#
##.###..#..#
+.<.'.##+..#
##.###..#....#
##@###.##......~~
#33†####~~§....~#
#.##..# ~~§~~..~#
## ####
~~§~~~†.~#
~≈§§~§~~~#
~~~≈§§§~§~#


You could see 2 neqoxecs.

Vanquished Creatures
  2 neqoxecs (D)
  4 scorpions (D)
  3 worms (D)
9 creatures vanquished.

Vanquished Creatures (others)
  A water moccasin (D)
1 creature vanquished.

Grand Total: 10 creatures vanquished

Notes
Turn   | Place    | Note
-------+----------+-------------------------------------------
     0 | D        | Groucho the Felid Berserker began the quest for the Orb.
     0 | D        | Reached XP level 1. HP: 10/10 MP: 2/2
     8 | D        | Reached skill level 4 in Stealth
    14 | D        | Reached skill level 5 in Stealth
    15 | D        | Reached ** piety under Trog
    16 | D        | Reached XP level 2. HP: 14/14 MP: 3/3
   143 | D        | Killed a water moccasin
   313 | D        | Noticed a scorpion
   313 | D        | Noticed a scorpion
   315 | D        | Noticed a scorpion
   315 | D        | Noticed a scorpion
   316 | D        | Killed a scorpion
   317 | D        | Reached skill level 11 in Stealth
   317 | D        | Reached XP level 3. HP: 17/17 MP: 4/4
   317 | D        | Reached XP level 4. HP: 21/21 MP: 5/5
   317 | D        | Killed a scorpion
   318 | D        | Reached skill level 13 in Stealth
   319 | D        | Killed a scorpion
   320 | D        | Reached skill level 15 in Stealth
   320 | D        | Reached XP level 5. HP: 24/24 MP: 6/6
   336 | D        | Reached *** piety under Trog
   337 | D        | Reached skill level 5 in Dodging
   343 | D        | Noticed a neqoxec
   343 | D        | Noticed a neqoxec
   343 | D        | Noticed a neqoxec
   343 | D        | Noticed a neqoxec
   345 | D        | Killed a neqoxec
   346 | D        | Reached skill level 5 in Fighting
   346 | D        | Reached skill level 16 in Stealth
   346 | D        | Reached skill level 5 in Unarmed Combat
   346 | D        | Gained mutation: You are covered in thick fur. (AC +2)
                  | [Felid growth]
   346 | D        | Reached XP level 6. HP: 19/30 MP: 7/7
   349 | D        | Gained mutation: You have hidden genetic defects. [a
                  | neqoxec]
   352 | D        | Slain by a neqoxec
   353 | D        | Reached XP level 5. HP: 0/39 MP: 6/6
   366 | D        | Killed a neqoxec
   367 | D        | Reached XP level 6. HP: 31/31 MP: 7/7
   369 | D        | Gained mutation: You are clumsy. (Dex -2) [hidden defects]
   374 | D        | Gained mutation: You are partially covered in large bone
                  | plates. (SH +4) [a neqoxec]
   374 | D        | Slain by a neqoxec

Illustrated notes

Levels and vault maps discovered:
D:        the_violet_keep_of_menkaure [sprint2_stairs_cluster_1,
          sprint2_shoproom, sprint2_temple, sprint2_basic_supplies,
          sprint2_obstacle_2, sprint2_obstacle_1, sprint2_obstacle_5,
          sprint2_obstacle_6, sprint2_obstacle_3, sprint2_timed_cluster_1,
          sprint2_smallroom_cluster_1, sprint2_smallroom_final_cluster_1,
          sprint2_transparent_cluster_1, sprint2_second_timed_cluster_1,
          sprint2_sniper_area_1, sprint2_heavy_combat_area_1,
          sprint2_mutation_trap_area_1, sprint2_forest_area_1,
          sprint2_light_combat_area_1, sprint2_behind_water_1,
          sprint2_near_end_vault_1]

Skill      XL: |  1  2  3  4  5 |
---------------+----------------+-----
Stealth        | 5 11 15 16 | 16.4
Dodging        | 7 |  7.8
Fighting       | 5 |  5.9
Unarmed Combat | 5 |  5.9

Action                     |  1- 3 |  4- 6 || total
---------------------------+-------+-------++-------
  Melee: Unarmed           |    11 |    32 ||    43
         Punch             |     1 |       ||     1
         Bite              |       |     3 ||     3
 Invoke: Berserk           |       |     2 ||     2
         Trog's Hand       |       |     1 ||     1
    Use: Potion            |     1 |     2 ||     3
   Stab: Sleeping          |     1 |     3 ||     4
 Armour: Skin              |       |     1 ||     1
  Dodge: Dodged            |     3 |    30 ||    33
